AoeStats
← gam

Arena

510173577Analyzed
1v1 RM · 3d ago on Sep 29, 2026· 51m 6s· 2 players
Game mode
Random Map
Map size
Tiny (2 player)
Population
200
Speed
Normal
Resources
Standard
Victory
Conquest
Starting age
Dark Age
Ending age
Imperial Age
RankedLock teamsTeams togetherTeam positionsShared explorationLock speedFull tech treeHidden civsTurbo modeCheats
Victory
Defeat
🇭🇺 Bohemians · Hungary
630
+14
🇨🇴 Lithuanians · Colombia
578
-14
JxRawII
12:25 Feudal Age
17:57 Castle Age
16:43 Double-Bit Axe
16:41 Horse Collar
18:38 Wheelbarrow
19:36 Bloodlines
19:29 Husbandry
25:10 Forging
25:07 Scale Barding Armor
24:54 Fletching
28:29 Bow Saw
28:20 Heavy Plow
35:25 Imperial Age
33:16 Gold Mining
33:48 Elite Skirmisher
34:34 Thumb Ring
36:20 Bodkin Arrow
36:26 Padded Archer Armor
36:49 Chain Barding Armor
37:05 Iron Casting
35:57 Light Cavalry
36:01 Cavalier
36:53 Tower Shields
42:45 Bracer
43:01 Leather Archer Armor
43:54 Paladin
gam
11:31 Feudal Age
15:28 Castle Age
13:37 Horse Collar
13:45 Double-Bit Axe
14:00 Loom
19:12 Chemistry
20:32 Bow Saw
21:24 Heavy Plow
21:30 Padded Archer Armor
23:46 Pikeman
24:27 Squires
24:52 Leather Archer Armor
26:05 Scale Mail Armor
28:52 Forging
28:58 Chain Mail Armor
31:31 Arson
32:25 Iron Casting
33:27 Murder Holes
33:58 Ballistics
36:14 Imperial Age
41:22 Halberdier
42:52 Conscription
47:55 Fervor
49:41 Wagenburg Tactics
49:16 Elite Hussite Wagon
Connection lost

Rejoining the realm…

Still unreachable

The connection could not be restored.

Session expired

The server has moved on; the page needs a fresh start.